 Dungeon Crawl Stone Soup version 0.25-a0-1104-g1bb6b8da34 (webtiles) character file.

Game seed: 3494454581688445705, levelgen mode: deterministic

11246 Bapho the Fighter (level 11, -1/104 HPs)
             Began as a Green Draconian Conjurer on May 16, 2020.
             Was a Believer of Ashenzari.
             Slain by an ice devil (19 damage)
             ... in an ice cave.
             The game lasted 00:39:25 (15549 turns).

Bapho the Fighter (Green Draconian Conjurer)       Turns: 15549, Time: 00:39:26

Health: -1/104     AC: 11    Str: 14    XL:     11   Next: 46%
Magic:  12/18      EV: 17    Int: 18    God:    Ashenzari [**....]
Gold:   305        SH:  0    Dex: 11    Spells: 6/20 levels left

rFire    . . .     SeeInvis .   t - +1 flail (venom)
rCold    . . .     Gourm    .   (no shield)
rNeg     . . .     Faith    .   (armour unavailable)
rPois    +         Spirit   .   (helmet restricted)
rElec    +         Reflect  .   F - +0 cloak (curse)
rCorr    +         Harm     .   (no gloves)
MR       +....                  I - +2 pair of boots of the Louse {rElec rCorr Str+2} (curse)
Stlth    ++........             B - amulet of regeneration (curse)
HPRegen  0.67/turn              x - ring of protection from magic (curse)
MPRegen  0.16/turn              (no ring)

@: slowed, very slow
A: breathe noxious fumes, unfitting armour, poison resistance, cold-blooded, AC
+7
a: Breathe Noxious Fumes, Curse Item, Scrying, Renounce Religion


You were in an ice cave.
You worshipped Ashenzari.
Ashenzari was pleased with you.
You were hungry.

You visited 2 branches of the dungeon, and saw 12 of its levels.
You also visited: Sewer and Ice Cave.

You collected 515 gold pieces.
You spent 210 gold pieces at shops.

Inventory:

Hand Weapons
 e - a +0 hand axe
 n - a -3 short sword
 t - a +1 flail of venom (weapon)
Missiles
 c - 334 stones (quivered)
Armour
 F - a cursed +0 cloak (worn)
 I - the cursed +2 pair of boots of the Louse (worn) {rElec rCorr Str+2}
   (You found it on level 9 of the Dungeon)

   It affects your strength (+2).
   It insulates you from electricity.
   It provides partial protection from all sources of acid and corrosion.
   It has a curse placed upon it.
Jewellery
 x - a cursed ring of protection from magic (left hand)
 B - a cursed amulet of regeneration (around neck)
Wands
 G - a wand of enslavement (13)
 H - a wand of iceblast (5)
Scrolls
 a - a scroll of random uselessness {unknown}
 f - 2 scrolls of remove curse
 j - 10 scrolls of teleportation
 m - 2 scrolls of identify
 q - 4 scrolls of enchant weapon
 s - a scroll of immolation {unknown}
 y - 2 scrolls of amnesia
 D - a scroll of enchant armour {unknown}
 E - a scroll of summoning {unknown}
 K - a scroll of fear {unknown}
Potions
 d - 5 potions of brilliance
 g - a potion of degeneration
 h - 2 potions of resistance
 i - 2 potions of haste {unknown}
 k - 4 potions of heal wounds
 l - a potion of invisibility
 p - a potion of might {unknown}
 r - a potion of lignification {unknown}
 u - 3 potions of curing
 v - a potion of magic {unknown}
 z - 2 potions of cancellation
 A - 2 potions of flight
 C - 2 potions of mutation
Comestibles
 b - 20 rations
 o - 4 chunks of flesh


   Skills:
 + Level 12.1 Fighting
 + Level 10.5 Dodging
 - Level 1.7 Stealth
 - Level 5.2 Spellcasting
 - Level 6.6(8.1) Conjurations
 - Level 4.1(5.4) Hexes


You had 6 spell levels left.
You knew the following spells:

 Your Spells              Type           Power        Failure   Level  Hunger
a - Magic Dart            Conj           ####         1%          1    None
b - Searing Ray           Conj           ####..       1%          2    #......
c - Dazzling Flash        Conj/Hex       ####..       2%          3    ##.....
d - Iskenderun's Mystic   Conj/Tloc      ###.....     24%         4    ####...
e - Summon Ice Beast      Ice/Summ       #.......     77%         4    ####...

Your spell library contained the following spells:

 Spells                   Type           Power        Failure   Level  Hunger
 Fulminant Prism          Conj/Hex       ####......   8%          4    ####...
 Summon Small Mammal      Summ           #...         12%         1    None
 Summon Guardian Golem    Hex/Summ       ##......     12%         3    ##.....
 Call Imp                 Summ           #.......     19%         2    #......
 Call Canine Familiar     Summ           #.......     36%         3    ##.....
 Summon Lightning Spire   Summ/Air       #.......     77%         4    ####...


Dungeon Overview and Level Annotations

Branches:
Dungeon (11/15)            Temple (0/1) D:6            Lair (1/6) D:9
  Sewer (visited)           IceCv (1/1)
    Orc: D:9-12

Altars:
Ashenzari
Cheibriados
Elyvilon
Fedhas
Hepliaklqana
Kikubaaqudgha
Nemelex Xobeh
Okawaru
Ru
Trog
Uskayaw
Wu Jian
Xom
Yredelemnul
Zin

Shops:
D:9 *   D:11 *

Annotations:
D:6 2 transporters


Innate Abilities, Weirdness & Mutations

You can breathe blasts of noxious fumes.
Your lurid green scales are hard. (AC +7)
You cannot fit into any form of body armour.
Your system is resistant to poisons. (rPois)
You are cold-blooded and may be slowed by cold attacks.


Message History

* * * LOW HITPOINT WARNING * * *
You feel much better. The ice devil barely misses you.
You closely miss the ice devil.
The ice devil is almost dead.
You feel yourself speed up. The ice devil barely misses you. x2
You closely miss the ice devil.
You tail-slap the ice devil, but do no damage.
The ice devil is almost dead.
The ice devil misses you. x2
You hit the ice devil but do no damage.
You tail-slap the ice devil, but do no damage.
The ice devil is almost dead.
The ice devil barely misses you.
You hit the ice devil but do no damage.
The ice devil is almost dead.
The ice devil hits you!
* * * LOW HITPOINT WARNING * * *
The ice devil freezes you!!
You feel yourself slow down.
You die...

#####
##...##
##.....##
#...∩...#
#...∩@..#
##...4.##
##...##
#...##
##...#
#...#
#...##
**#...# *
#..... {


You could see an ice devil.

Vanquished Creatures
  Harold (D:10)
  2 two-headed ogres
  A manticore (D:11)
  Psyche (D:10)
  3 centaur zombies (D:11)
  2 trolls
  Grinder (D:5)
  A meliai zombie (D:10)
  A dream sheep (D:7)
  A hippogriff (D:10)
  5 humans
  7 yaks
  Edmund (D:5)
  11 ice beasts
  4 orc warriors
  A sky beast (D:9)
  3 black bears
  3 ogres
  2 phantoms
  3 centaurs
  3 bullfrogs
  6 big kobolds (Sewer)
  2 scorpions (D:6)
  14 killer bees
  5 crimson imps
  3 bullfrog zombies
  5 quasits
  A hound (D:4)
  3 jellies
  5 orc priests
  A bullfrog skeleton (D:9)
  A gnoll shaman (D:5)
  A centaur skeleton (D:10)
  Natasha (thrice) (D:3)
  2 iguanas
  6 orc wizards
  2 worker ants
  A hound skeleton (D:5)
  2 worker ant zombies (D:7)
  6 gnolls
  3 river rats
  11 adders
  4 oozes (Sewer)
  10 worms
  3 dart slugs
  4 leopard geckos
  30 orcs
  5 ball pythons
  A bat zombie (D:7)
  11 giant cockroaches
  6 goblins
  7 hobgoblins
  18 jackals
  15 kobolds
  4 quokkas
  15 bats
  5 frilled lizards
  A jackal zombie (D:5)
  14 rats
  2 rat zombies (D:7)
295 creatures vanquished.

Vanquished Creatures (others)
  4 dream sheep (D:7)
  A plant (D:9)
5 creatures vanquished.

Grand Total: 300 creatures vanquished

Notes
Turn   | Place    | Note
-------+----------+-------------------------------------------
     0 | D:1      | Bapho the Draconian Conjurer began the quest for the Orb.
     0 | D:1      | Reached XP level 1. HP: 14/14 MP: 3/3
   238 | D:1      | Reached XP level 2. HP: 19/20 MP: 0/5
   763 | D:1      | Reached XP level 3. HP: 26/26 MP: 2/7
  1017 | D:1      | Learned a level 2 spell: Searing Ray
  1021 | D:1      | Learned a level 3 spell: Dazzling Flash
  2080 | D:2      | Found a hazy altar of Hepliaklqana.
  2196 | D:3      | Reached XP level 4. HP: 33/33 MP: 1/8
  2256 | D:3      | Found a shattered altar of Ashenzari.
  2264 | D:3      | Became a worshipper of Ashenzari the Shackled
  2284 | D:3      | Noticed Natasha
  2289 | D:3      | Killed Natasha
  2289 | D:3      | Reached skill level 1 in Hexes
  2456 | D:3      | Noticed Natasha
  2463 | D:3      | Killed Natasha
  2463 | D:3      | Reached skill level 5 in Conjurations
  2550 | D:3      | Noticed Natasha
  2553 | D:3      | Killed Natasha
  2553 | D:3      | Reached XP level 5. HP: 38/38 MP: 6/10
  2598 | D:3      | Learned a level 4 spell: Iskenderun's Mystic Blast
  2841 | D:3      | Found a sacrificial altar of Ru.
  3165 | D:3      | Found a basalt altar of Yredelemnul.
  3165 | D:3      | Found a sparkling altar of Nemelex Xobeh.
  3500 | D:4      | Found a glowing drain.
  3627 | Sewer    | Entered a sewer
  3783 | Sewer    | Reached XP level 6. HP: 40/45 MP: 0/12
  4216 | Sewer    | Your scales start taking on a lurid green colour.
  4216 | Sewer    | Reached XP level 7. HP: 46/50 MP: 2/13
  4216 | Sewer    | Gained mutation: Your system is resistant to poisons.
                  | (rPois) [Green Draconian growth]
  5033 | D:4      | Reached * piety under Ashenzari
  5048 | D:4      | Reached skill level 5 in Spellcasting
  5704 | D:4      | Reached skill level 1 in Fighting
  5842 | D:4      | Reached skill level 2 in Fighting
  5842 | D:4      | Reached XP level 8. HP: 22/61 MP: 3/15
  6212 | D:4      | Found Zin's Purification Station.
  6215 | D:4      | Found a glowing silver altar of Zin.
  6496 | D:5      | Entered Level 5 of the Dungeon
  6496 | D:5      | Noticed Edmund
  6526 | D:5      | Killed Edmund
  6526 | D:5      | Reached skill level 3 in Fighting
  6812 | D:5      | Found a basalt altar of Yredelemnul.
  6845 | D:5      | Found a white marble altar of Elyvilon.
  6855 | D:5      | Noticed Grinder
  6863 | D:5      | Killed Grinder
  6863 | D:5      | Reached skill level 4 in Fighting
  7847 | D:6      | Found a hide-covered altar of Uskayaw.
  7847 | D:6      | Noticed a +0 dagger
  7847 | D:6      | Noticed a +0 hand axe
  7918 | D:6      | Reached skill level 5 in Fighting
  8134 | D:6      | Found an iron altar of Okawaru.
  8154 | D:6      | Reached skill level 5 in Dodging
  8320 | D:6      | Reached XP level 9. HP: 75/75 MP: 9/16
  8375 | D:6      | Found a staircase to the Ecumenical Temple.
  8440 | D:6      | Found a transporter.
  8462 | D:6      | Reached skill level 6 in Fighting
  8473 | D:6      | Found a bloodstained altar of Trog.
  8635 | D:6      | Found a transporter.
  8649 | D:6      | Noticed a fire dragon
  8658 | D:6      | Found a blossoming altar of Fedhas.
  9139 | D:7      | Found a snail-covered altar of Cheibriados.
  9318 | D:7      | Reached skill level 7 in Fighting
  9527 | D:7      | Reached ** piety under Ashenzari
  9564 | D:7      | Found an ornate altar of the Wu Jian Council.
  9610 | D:7      | Found a shimmering altar of Xom.
  9950 | D:7      | Found an ancient bone altar of Kikubaaqudgha.
 10378 | D:7      | Reached skill level 8 in Fighting
 11612 | D:9      | Found a staircase to the Lair.
 11658 | Lair:1   | Entered Level 1 of the Lair of Beasts
 11853 | D:9      | Reached XP level 10. HP: 71/90 MP: 13/17
 12088 | D:8      | Reached skill level 9 in Fighting
 12611 | D:9      | Found Anashryi's General Store.
 12630 | D:9      | Bought 2 potions of heal wounds for 140 gold pieces
 12630 | D:9      | Bought a potion of heal wounds for 70 gold pieces
 13044 | D:9      | Got the uncursed pair of boots of the Louse {rElec rCorr
                  | Str+2}
 13050 | D:9      | Identified the +2 pair of boots of the Louse {rElec rCorr
                  | Str+2} (You found it on level 9 of the Dungeon)
 13101 | D:10     | Entered Level 10 of the Dungeon
 13337 | D:10     | Noticed a two-headed ogre
 13371 | D:9      | Killed a two-headed ogre
 13371 | D:9      | Reached skill level 10 in Fighting
 13586 | D:10     | Noticed Harold
 13586 | D:10     | Noticed Psyche
 13597 | D:10     | Killed Psyche
 14065 | D:10     | Learned a level 4 spell: Summon Ice Beast
 14204 | D:10     | Reached skill level 11 in Fighting
 14493 | D:10     | Killed Harold
 14493 | D:10     | Reached XP level 11. HP: 30/102 MP: 0/18
 14769 | D:10     | Noticed a two-headed ogre
 14795 | D:10     | Killed a two-headed ogre
 14795 | D:10     | Reached skill level 10 in Dodging
 15110 | D:11     | Found Xudd's General Store.
 15402 | D:11     | Found a frozen archway.
 15416 | D:11     | Reached skill level 12 in Fighting
 15483 | IceCv    | Entered an ice cave
 15544 | IceCv    | HP: 2/104 [ice devil (13)]
 15549 | IceCv    | Slain by an ice devil

Illustrated notes

Levels and vault maps discovered:
D:1:      psy_arrival_basics, layout_loops_cross
D:2:      layout_basic, nicolae_overflow_hidden_temple, first_ration
D:3:      layout_loops_cross, nicolae_ru_great_annihilating_truth,
          gammafunk_temple_overflow_elements, nicolae_overflow_crystal_walls,
          uniq_natasha
D:4:      layout_loops_corners, zin_purify, serial_glass, glass_columns_a,
          glass_columns_b, item_on_display_a, due_unseen_surprise,
          portal_sewer_entry_b
D:5:      layout_basic, basic_altar, elyvilon_altar_4, uniq_grinder, uniq_edmund
D:6:      layout_rooms, gammafunk_temple_overflow_arena, trog_ov_bears_minmay,
          dancing_weapons_uskayaw, minmay_temple_entry_wispy, okawaru_trees_2
D:7:      layout_loops_ring, lemuel_zombie_altar_kikubaaqudgha,
          cheibrodos_worm_habitat, kb_xom_exploding_sheep, lemuel_doored_altar
D:8:      layout_layer_cave, minmay_ruffians
D:9:      layout_big_octagon, dpeg_oklobed_lair, serial_shops, shop
D:10:     layout_irregular_city, uniq_psyche, uniq_harold
D:11:     layout_basic, portal_ice_cave_entry_ice_beasts, serial_shops,
          nicolae_shop_temple_entry_statues_fountains, uniq_grum
Lair:1:   layout_hall_layers, grunt_megastairs_2, infiniplex_staircase_pool_2
IceCv:    ice_cave_tombish

Skill      XL: |  1  2  3  4  5  6  7  8  9 10 11 |
---------------+----------------------------------+-----
Spellcasting   | 3 4 5 |  5.2
Hexes          | 1 2 3 4 |  4.1
Conjurations   | 5 6 |  6.6
Fighting       | 2 5 8 11 12 | 12.1
Dodging        | 2 5 7 9 10 | 10.5
Stealth        | |  1.7

Action                   |  1- 3 |  4- 6 |  7- 9 | 10-12 || total
-------------------------+-------+-------+-------+-------++-------
Melee: Hand axe          |    20 |    18 |    10 |       ||    48
       Tailslap          |     3 |     3 |    17 |    35 ||    58
       Flail             |       |       |   126 |   258 ||   384
Throw: Stone             |     8 |       |    17 |     4 ||    29
 Cast: Magic Dart        |    97 |    85 |   334 |   137 ||   653
       Searing Ray       |     1 |    11 |    18 |    20 ||    50
       Dazzling Flash    |       |       |     1 |       ||     1
Invok: Curse Item        |       |       |     2 |     2 ||     4
       Scrying           |       |       |       |     2 ||     2
 Abil: Breathe Noxious F |       |       |    19 |    18 ||    37
  Use: Scroll            |     4 |       |       |    13 ||    17
       Potion            |       |       |       |     1 ||     1
 Stab: Confused          |       |       |     4 |     3 ||     7
  Eat: Chunk             |     4 |     7 |    23 |    13 ||    47
       Ration            |       |       |     1 |     1 ||     2
Armor: Skin              |     8 |     6 |    64 |   236 ||   314
Dodge: Dodged            |    19 |    24 |   194 |   532 ||   769

Table legend:
 A = Non-vault XP
 B = Vault XP
 C = Vault XP percentage of total XP
 D = Non-vault monster count
 E = Vault monster count
 F = Vault count percentage of total count
                 A         B        C        D         E       F
            +---------+---------+-------+---------+---------+-------
      Total |   11227 |    4840 |  30.1 |     233 |      62 |  21.0
            +---------+---------+-------+---------+---------+-------
        D:1 |      52 |       0 |   0.0 |      30 |       0 |   0.0
        D:2 |      37 |       0 |   0.0 |      21 |       0 |   0.0
        D:3 |     132 |      85 |  39.2 |      21 |       5 |  19.2
        D:4 |     557 |      35 |   5.9 |      16 |       6 |  27.3
        D:5 |     302 |     457 |  60.2 |      17 |       2 |  10.5
        D:6 |     851 |     247 |  22.5 |      21 |       2 |   8.7
        D:7 |     594 |     568 |  48.9 |      22 |       7 |  24.1
        D:8 |     706 |     409 |  36.7 |      23 |       2 |   8.0
        D:9 |    2487 |       0 |   0.0 |      18 |       0 |   0.0
       D:10 |    3482 |    1358 |  28.1 |      34 |       2 |   5.6
       D:11 |    1964 |    1032 |  34.4 |       9 |       8 |  47.1
     Lair:1 |      63 |       0 |   0.0 |       1 |       0 |   0.0
      Sewer |       0 |     649 | 100.0 |       0 |      28 | 100.0
            +---------+---------+-------+---------+---------+-------
